[Event "ICC tourney 2463 (45 10)"]
[Site "Internet Chess Club"]
[Date "2021.03.20"]
[Round "5"]
[White "HEBDEN, MARK L:mhebden"]
[Black "VAKHIDOV, JAKHONGIR:TjkTiger"]
[Result "1-0"]
[ICCResult "Black resigns"]
[WhiteElo "2503"]
[BlackElo "2610"]
[Opening "King's Indian: fianchetto, Uhlmann (Szabo) variation"]
[ECO "E62"]
[NIC "KI.72"]
[Time "21:01:51"]
[PlyCount "79"]
[TimeControl "2700+10"]

1. d4 Nf6 2. Nf3 g6 3. g3 Bg7 4. Bg2 O-O 5. O-O d6 6. c4 Nc6 7. Nc3 e5 8.
d5 Nb8 9. Ne1 a5 10. Nd3 Na6 11. e4 Nd7 12. Be3 b6 13. f4 exf4 14. gxf4
Nac5 15. Nxc5 Nxc5 16. Bd4 Re8 17. Bxg7 Kxg7 18. Qd4+ f6 19. Rae1 Kg8 20.
e5 fxe5 21. fxe5 Bf5 22. e6 Qe7 23. Nb5 Rf8 24. Re3 Bd3 25. Rfe1 Rae8 26.
Rxd3 Nxd3 27. Qxd3 Qh4 28. Qc3 Rf4 29. b3 Qf2+ 30. Kh1 Rg4 31. Rg1 Rf8 32.
Qh3 Rff4 33. e7 Qe2 34. Nxc7 Qxe7 35. Ne6 Rh4 36. Qg3 Rhg4 37. Qe3 Rh4 38.
h3 Rf5 39. Qxb6 Kf7 40. Re1 { Black resigns } 1-0

[Event "ICC tourney 2463 (45 10)"]
[Site "Internet Chess Club"]
[Date "2021.03.20"]
[Round "5"]
[White "Volkov, Sergey:Volkov"]
[Black "BELOUS, VLADIMIR:Openyagami"]
[Result "0-1"]
[ICCResult "White resigns"]
[WhiteElo "2607"]
[BlackElo "2607"]
[Opening "Grünfeld: Russian variation"]
[ECO "D97"]
[NIC "GI.10"]
[Time "21:01:40"]
[PlyCount "100"]
[TimeControl "2700+10"]

1. d4 Nf6 2. c4 g6 3. Nc3 d5 4. Nf3 Bg7 5. Qb3 dxc4 6. Qxc4 Be6 7. Qa4+ Bd7
8. Qb3 c5 9. d5 b5 10. Nxb5 Na6 11. Nc3 Rb8 12. Qd1 Qa5 13. Qd2 Nb4 14. Ne5
Bf5 15. Nc6 Nxc6 16. dxc6 Rd8 17. Nd5 Qxd2+ 18. Bxd2 Nxd5 19. Rc1 Bxb2 20.
Rxc5 Bd4 21. Rc4 Nb6 22. Rxd4 Rxd4 23. Bc3 e5 24. Bxd4 exd4 25. e3 dxe3 26.
Bb5 Kd8 27. fxe3 Kc7 28. a4 a5 29. Ke2 Rd8 30. Rc1 Be4 31. g4 Rd6 32. Rc5
Rd5 33. Rc1 f5 34. h3 Nc8 35. Kf2 Nd6 36. Bf1 Rd2+ 37. Kg3 Rc2 38. Ra1 Bxc6
39. Kf4 Rf2+ 40. Kg5 fxg4 41. hxg4 Nf7+ 42. Kh4 g5+ 43. Kg3 Rf3+ 44. Kh2
Ne5 45. Bb5 Nxg4+ 46. Kg1 Bxb5 47. axb5 Kb6 48. Kg2 Rxe3 49. Rh1 h6 50. Rh4
gxh4 { White resigns } 0-1

[Event "ICC tourney 2463 (45 10)"]
[Site "Internet Chess Club"]
[Date "2021.03.20"]
[Round "5"]
[White "SRINIAIYER, SUDARSHAN:Ambuli123"]
[Black "NGO, BACH:Dking135799"]
[Result "1-0"]
[ICCResult "Black resigns"]
[WhiteElo "2170"]
[BlackElo "2251"]
[Opening "Nimzo-Indian: classical, Noa variation"]
[ECO "E34"]
[NIC "NI.23"]
[Time "21:01:55"]
[PlyCount "87"]
[TimeControl "2700+10"]

1. d4 Nf6 2. c4 e6 3. Nc3 Bb4 4. Qc2 d5 5. cxd5 Qxd5 6. e3 c5 7. Bd2 Bxc3
8. Bxc3 O-O 9. Nf3 Nc6 10. dxc5 Qxc5 11. a3 Nd5 12. Rc1 Nxc3 13. Qxc3 Qxc3+
14. Rxc3 e5 15. Bb5 f6 16. Bxc6 bxc6 17. O-O Rb8 18. b4 Ba6 19. Rfc1 Bb5
20. Nd2 Rfd8 21. Nb3 Rd6 22. Na5 Rbd8 23. h3 Rd1+ 24. Rxd1 Rxd1+ 25. Kh2
Rd2 26. Nxc6 Bxc6 27. Rxc6 a5 28. bxa5 Rd5 29. a6 Ra5 30. Rc8+ Kf7 31. Rc7+
Kg6 32. a7 Rxa3 33. Kg3 h5 34. Kf3 f5 35. Ke2 Kf6 36. h4 g6 37. Kd2 Ke6 38.
Kc2 Kd5 39. Kb2 Ra6 40. Kc3 Ke4 41. Kc4 Ra1 42. Kb5 Kd3 43. Kb6 e4 44. Rc5
{ Black resigns } 1-0

[Event "ICC tourney 2463 (45 10)"]
[Site "Internet Chess Club"]
[Date "2021.03.20"]
[Round "5"]
[White "ALEKSANDROV, ALEKSEJ:Aleksandrov73"]
[Black "CHEN, RYO WENYU:e4f5"]
[Result "1-0"]
[ICCResult "Black resigns"]
[WhiteElo "2629"]
[BlackElo "2308"]
[Opening "King's Indian: Makagonov system (5.h3)"]
[ECO "E71"]
[NIC "KI.30"]
[Time "21:02:33"]
[PlyCount "67"]
[TimeControl "2700+10"]

1. d4 Nf6 2. c4 g6 3. Nc3 Bg7 4. e4 d6 5. h3 O-O 6. Be3 c5 7. dxc5 Qa5 8.
Bd3 dxc5 9. e5 Nfd7 10. f4 Rd8 11. Qb1 Bxe5 12. fxe5 Nxe5 13. Be2 Bf5 14.
Qc1 Bd3 15. Nf3 Nxc4 16. O-O Nc6 17. Bf2 Bxe2 18. Nxe2 Nd2 19. Be1 Nxf3+
20. Rxf3 Qb6 21. Bf2 Ne5 22. Rb3 Qa6 23. Nf4 c4 24. Re3 Qf6 25. Qc3 Qxf4
26. Qxe5 Qxe5 27. Rxe5 e6 28. Rc1 Rac8 29. Bxa7 Ra8 30. Ra5 b6 31. Bxb6
Rxa5 32. Bxa5 Ra8 33. Bc3 Rxa2 34. Bf6 { Black resigns } 1-0

[Event "ICC tourney 2463 (45 10)"]
[Site "Internet Chess Club"]
[Date "2021.03.20"]
[Round "5"]
[White "ZENG, ELBERT:investigator"]
[Black "Vittal, Sanjana:MCTS13"]
[Result "1-0"]
[ICCResult "Black resigns"]
[WhiteElo "2084"]
[BlackElo "2196"]
[Opening "English opening"]
[ECO "A20"]
[NIC "EO.24"]
[Time "21:01:43"]
[PlyCount "113"]
[TimeControl "2700+10"]

1. c4 e5 2. g3 Nc6 3. Bg2 Bc5 4. Nc3 a6 5. e3 d6 6. Nge2 Ba7 7. a3 Nge7 8.
b4 O-O 9. Bb2 Be6 10. Nd5 Qd7 11. h3 Nd8 12. d3 c6 13. Nxe7+ Qxe7 14. O-O
f6 15. Rc1 Nf7 16. d4 Ng5 17. h4 Nf7 18. d5 Bd7 19. dxc6 bxc6 20. Qa4 Rfc8
21. Rfd1 Bb6 22. Qb3 Rab8 23. Qd3 a5 24. b5 cxb5 25. cxb5 Rxc1 26. Rxc1 Rc8
27. Rxc8+ Bxc8 28. Nc3 Bb7 29. Nd5 Bxd5 30. Qxd5 Qc7 31. Qc6 Qxc6 32. bxc6
Kf8 33. Kf1 Ke7 34. Bd5 Nd8 35. Ke2 Ne6 36. e4 Nc5 37. Bc3 Kd8 38. h5 h6
39. f4 Ke7 40. Kf3 Ne6 41. Kg4 Nc7 42. Kf5 Na6 43. fxe5 fxe5 44. g4 Nc7 45.
Bc4 Ne8 46. Be1 Nc7 47. Bd2 Ne8 48. g5 hxg5 49. Bxg5+ Kf8 50. Ke6 Nf6 51.
Bxf6 gxf6 52. Kxf6 Bd8+ 53. Kg6 d5 54. Bxd5 Bg5 55. c7 a4 56. c8=Q+ Ke7 57.
Qc7+ { Black resigns } 1-0

[Event "ICC tourney 2463 (45 10)"]
[Site "Internet Chess Club"]
[Date "2021.03.20"]
[Round "5"]
[White "LANCMAN, KYLE B:Kyle2007"]
[Black "Tay, Brian:guineapig25"]
[Result "1-0"]
[ICCResult "Black resigns"]
[WhiteElo "2049"]
[BlackElo "2026"]
[Opening "Sicilian: Prins (Moscow) variation"]
[ECO "B55"]
[NIC "SI.01"]
[Time "21:01:38"]
[PlyCount "91"]
[TimeControl "2700+10"]

1. e4 c5 2. Nf3 d6 3. d4 cxd4 4. Nxd4 Nf6 5. f3 e5 6. Nb3 d5 7. Bg5 d4 8.
c3 Nc6 9. cxd4 Bb4+ 10. Bd2 Nxe4 11. Bxb4 Qh4+ 12. g3 Nxg3 13. hxg3 Qxh1
14. Ba3 Bh3 15. N1d2 O-O-O 16. Qc2 Bxf1 17. O-O-O Qh3 18. Rxf1 exd4 19. Na5
Qxg3 20. Nxc6 bxc6 21. Qxc6+ Qc7 22. Qxc7+ Kxc7 23. Ne4 f5 24. Ng5 Rd5 25.
Re1 Kd7 26. Re7+ Kc6 27. Rxg7 Re8 28. Rxh7 d3 29. Bb4 Re2 30. Rh1 Rc2+ 31.
Kb1 Rg2 32. Ne6 Rf2 33. Bc3 Kd6 34. Nd4 Kc5 35. Nb3+ Kd6 36. Nd2 Kc6 37.
Rd1 Rd8 38. Nc4 Kc5 39. Ne5 d2 40. Kc2 Rh2 41. Nd3+ Kb5 42. Rxd2 Rh3 43. f4
Rc8 44. Re2 Rd8 45. Re5+ Kb6 46. Ba5+ { Black resigns } 1-0

[Event "ICC tourney 2463 (45 10)"]
[Site "Internet Chess Club"]
[Date "2021.03.20"]
[Round "5"]
[White "IVANOV, ALEXANDER:marble"]
[Black "YAN, RUIYANG:jy2020"]
[Result "1/2-1/2"]
[ICCResult "Game drawn by repetition"]
[WhiteElo "2506"]
[BlackElo "2226"]
[Opening "Sicilian: Najdorf, Adams attack"]
[ECO "B90"]
[NIC "SI.14"]
[Time "21:01:41"]
[PlyCount "272"]
[TimeControl "2700+10"]

1. e4 c5 2. Nf3 d6 3. d4 cxd4 4. Nxd4 Nf6 5. Nc3 a6 6. h3 e5 7. Nde2 h5 8.
Bg5 Be6 9. Bxf6 Qxf6 10. Nd5 Qd8 11. Nec3 Nd7 12. Bc4 Rc8 13. Bb3 g6 14.
O-O Bg7 15. Ne3 Nc5 16. Bd5 O-O 17. a4 Bxd5 18. Nexd5 Ne6 19. a5 Nd4 20.
Ne2 f5 21. c3 Ne6 22. Nb6 Rc6 23. Qd5 Qe7 24. Rad1 Kh8 25. Qa2 Nc5 26. Nd5
Qf7 27. exf5 gxf5 28. Nb4 Qxa2 29. Nxa2 Nb3 30. Nb4 Rc7 31. Rd5 Rff7 32. f4
h4 33. Rxd6 e4 34. Rd5 Bf8 35. Nc2 Rc5 36. Rfd1 Rxa5 37. Rxa5 Nxa5 38. Kf1
Nc4 39. b3 Nb2 40. Rd5 Nd3 41. Ne3 Bh6 42. Rxf5 Kg7 43. Rxf7+ Kxf7 44. Nf5
Bxf4 45. Nxh4 Kf6 46. g4 Bd2 47. Nf5 Nc5 48. b4 Na4 49. Nd6 e3 50. Nxb7
Nxc3 51. Nc5 Nxe2 52. Kxe2 Bxb4 53. Nxa6 Bd6 54. Kxe3 Kg5 55. Ke4 Kh4 56.
Kf5 Kxh3 57. g5 Bf8 58. Nc7 Bg7 59. Ne8 Bh8 60. Nf6 Kh4 61. Kg6 Bg7 62. Ne4
Be5 63. Kf7 Kh5 64. g6 Bh8 65. Nd6 Kg5 66. Nc8 Bf6 67. Nb6 Bh8 68. Nd5 Kf5
69. Ne7+ Kg5 70. Kg8 Bf6 71. Kh7 Be5 72. Nc6 Bf6 73. Ne7 Be5 74. Ng8 Kh5
75. Nh6 Bf6 76. Ng8 Be5 77. Ne7 Kg5 78. Nd5 Bd4 79. Nb6 Bf6 80. Nd5 Be5 81.
Ne7 Bf6 82. Nc8 Be5 83. Nd6 Kh5 84. Nf5 Kg5 85. Nd6 Kh5 86. Nc8 Kg5 87. Ne7
Kh5 88. Kg8 Kg5 89. Kf7 Bh8 90. Nc8 Be5 91. Nd6 Bh8 92. Ne8 Be5 93. Ng7 Bb2
94. Ne6+ Kh6 95. Nc5 Kg5 96. Ne4+ Kf5 97. Ng3+ Kg5 98. Nf1 Bd4 99. Ne3 Bb2
100. Nd5 Be5 101. Ne7 Bc3 102. Nd5 Be5 103. Nc7 Bb2 104. Ne6+ Kf5 105. Ng7+
Kg5 106. Ne8 Kf5 107. Nd6+ Kg5 108. Nc4 Bd4 109. Nd2 Bb2 110. Nb3 Kf5 111.
Na5 Be5 112. Nc6 Bb2 113. Nd8 Be5 114. Ne6 Bc3 115. Nf8 Be5 116. Nd7 Bd4
117. Nb8 Bb2 118. Nc6 Kg5 119. Ne7 Bc3 120. Nc6 Kf5 121. Nb4 Be5 122. Nc2
Kg5 123. Ne3 Bb2 124. Nc4 Bd4 125. Nd6 Bb2 126. Ne4+ Kf5 127. Ng3+ Kg5 128.
Ne2 Kf5 129. Nc1 Bd4 130. Nb3 Bc3 131. Nc5 Bb2 132. Ne6 Be5 133. Nd8 Bb2
134. Nc6 Bc3 135. Ne7+ Kg5 136. Nd5 Be5 { Game drawn by repetition }
1/2-1/2